[Event "E Women's Grand Prix | Second Leg 2022/23"]
[Site "Chess.com"]
[Date "2023.02.02"]
[Round "1"]
[White "Abdumalik, Zhansaya"]
[Black "Dzagnidze, Nana"]
[Result "0-1"]
[WhiteElo "2496"]
[BlackElo "2517"]
[ECO "B96"]
[EventDate "2023.??.??"]
[Annotator "rafael"]
[PlyCount "78"]
[Beauty "7701413245524"]
[EventType "swiss"]
[EventRounds "11"]
[EventCountry "FID"]
[TimeControl "5400+30"]

1.e4 c5 2.Nf3 d6 3.d4 cxd4 4.Nxd4 Nf6 5.Nc3 a6 6.Bg5 {Once 6.Bg5 had the undisputed status of being the main line against the Najdorf Variation. This predilection is now shared with the English Attack, starting with 6.Be3. But the old move remains one of the most dangerous weapons at White's disposal. If you're going to play the Najdorf as Black, it's good to start your studies here: in these lines, one careless move is fatal.} 6...e6 ( 6...Nbd7 {is a modern move with a lot of theory.} ) 7.f4 h6 8.Bh4 ( 8.Bxf6 {is also possible, when White trades the important bishop for a development advantage. A recent game continued:} 8...Qxf6 9.Qd2 Bd7 10.O-O-O Nc6 11.Nxc6 Bxc6 12.Bc4 {with complicated play in Asadli-Durarbayli, Baku 2023.} ) 8...Nbd7 ( 8...Qb6 {is also an important move and has been played many times by Najdorf's greatest contemporary specialist, GM Maxime Vachier-Lagrave.} ) 9.Qf3 ( 9.Qe2 $1 {[%c_effect e2;square;e2;type;GreatFind;persistent;true] The modern way of playing this variation involves developing the queen on e2 as opposed to the classic development on f3.} 9...e5 10.fxe5 ( 10.O-O-O {is a thematic and dangerous move for Black, who needs to play with precision.} 10...exd4 11.e5 dxe5 12.fxe5 Be7 13.exf6 Nxf6 14.Bxf6 gxf6 15.Qe4 f5 16.Qe5 O-O 17.Nd5 Bg5+ 18.Kb1 Re8 19.Qxd4 Re4 $1 20.Qf2 Be6 21.c4 Re5 {and Black successfully defended this position in a couple of correspondence games.} ) 10...dxe5 ( 10...Nxe5 {is also possible.} ) 11.Nf5 Nb6 12.Qf3 Bxf5 13.Qxf5 Be7 {This was played in Anand-Nepomniachtchi, Tata Steel 2019. The game later ended in a draw.} ) 9...e5 $1 {[%c_effect e5;square;e5;type;GreatFind;persistent;true] In the early days of the Najdorf, such a move would have been unthinkable—moving a pawn again instead of developing the bishop on f8, inviting the white knight to jump to the dangerous square on f5. But computers have shown that in chess, almost anything is possible.} 10.fxe5 $6 ( 10.Nf5 {is the critical move to test Black's system.} 10...exf4 11.Bxf6 ( 11.O-O-O $2 g5 $1 12.Bf2 Ne5 {with an advantage for Black.} ) 11...Nxf6 12.O-O-O Bxf5 13.exf5 Be7 {White should fight for an advantage in this position as the game continuation is just good for Black.} ) 10...Nxe5 11.Qe2 Be7 12.O-O-O Bg4 $1 {[%c_effect g4;square;g4;type;GreatFind;persistent;true] Taking the opportunity to gain time in development. It's already clear that something went wrong for White in the opening.} 13.Nf3 Rc8 14.h3 ( 14.Qe3 Bxf3 15.gxf3 Nfg4 $1 16.fxg4 ( 16.Bxe7 $2 Nxe3 17.Bxd8 Nxd1 {wins the exchange.} ) 16...Bxh4 {with a stable advantage for Black.} ) ( 14.Be1 {avoids the exchange sacrifice on c3, but it's just too slow and too ugly of a move.} ) ( 14.Bxf6 Bxf6 15.Nd5 O-O {is also better for Black.} ) 14...Bxf3 15.gxf3 Rxc3 $1 {[%c_effect c3;square;c3;type;GreatFind;persistent;true] A typical exchange sacrifice in the Sicilian Defense. This is one of those rare sacrifices that you can play without thinking.} 16.bxc3 Qa5 ( 16...O-O {As I like to say: when in doubt, just castle. The computer also likes this principle.} ) 17.Qe3 ( 17.f4 $2 {[%c_effect f4;square;f4;type;Mistake;persistent;true] leads to a draw by perpetual check after:} 17...Qxc3 $2 ( 17...Ng6 $1 {[%c_effect g6;square;g6;type;GreatFind;persistent;true] is better, with a clear advantage.} ) 18.Be1 Qa1+ 19.Kd2 Qd4+ {Luther-Delgado Ramirez, Havana 2004.} ) ( 17.Kb1 $1 {[%c_effect b1;square;b1;type;GreatFind;persistent;true] Another principle I'm a fan of: After castling long, when in doubt, play Kb1. I must admit that I didn't expect that principle to work here, but who am I to disagree with the machine $2} 17...Qxc3 ( 17...O-O $5 ) 18.Be1 Qxf3 19.Qxf3 Nxf3 20.Bb4 Kd7 21.Be2 Ne5 22.Bc3 {White's idea is to fight for equality in this endgame, a task that will prove to be successful.} ) 17...Qxa2 {Only now are we in uncharted territory.} ( 17...Ng6 $1 18.Bf2 $2 ( 18.Be1 Qxa2 {is also advantageous for Black.} ) ( 18.e5 {is the machine's attempt to complicate the game, but Black is better after capturing on e5, with either the knight or the pawn.} ) 18...Ng4 $1 19.hxg4 Bg5 {Black won a few moves later in Salina Herrera-Delgado Ramirez, Paraguay 2012.} ) 18.Rg1 ( 18.f4 $1 {[%c_effect f4;square;f4;type;GreatFind;persistent;true] White needed to take the opportunity to look for some kind of complication.} 18...Ng6 19.Bxf6 $1 Bxf6 20.e5 $1 {[%c_effect e5;square;e5;type;GreatFind;persistent;true] The computer indicates equality after this move. The lines are complicated, but the spirit is easy to understand: change the character of the game and try to attack too.} 20...dxe5 21.Qc5 $1 Qa1+ ( 21...Ne7 22.Qb4 $1 {[%c_effect b4;square;b4;type;GreatFind;persistent;true] Preparing Bc4.} 22...Nd5 23.Qc5 ) 22.Kd2 Qa4 23.Kc1 {It's not clear whether Black has more than a perpetual check.} ) 18...O-O $1 {[%c_effect g8;square;g8;type;GreatFind;persistent;true] Now the position is a nightmare for White, who is attacked without mercy.} 19.Rd4 ( 19.Qxh6 {loses to} 19...Qa1+ 20.Kd2 Nxf3+ ) 19...Rc8 20.Kd2 Qa3 ( 20...Nfg4 $1 21.hxg4 Bxh4 {with a decisive advantage, for instance:} 22.f4 Qa3 $1 {[%c_effect a3;square;a3;type;GreatFind;persistent;true] The knight is immune and 23...Rxc3 24.Qxc3 Be1+ is threatened.} ) 21.Be2 b5 ( 21...Nfg4 $1 {[%c_effect g4;square;g4;type;GreatFind;persistent;true] is again very good.} 22.hxg4 Bxh4 ) 22.f4 Ng6 23.Bg3 $2 ( 23.Bf2 {is a better try since Black cannot play in the same way as in the game.} 23...d5 $6 ( 23...Bd8 $1 {[%c_effect d8;square;d8;type;GreatFind;persistent;true] is better.} ) 24.exd5 Bc5 25.Rxg6 $1 Bxd4 26.Rxg7+ $1 Kxg7 27.Qxd4 {Now White is the one playing an exchange down, but the position has improved considerably.} ) 23...d5 $1 {[%c_effect d5;square;d5;type;GreatFind;persistent;true] Bringing the bishop to the attack.} 24.exd5 Bc5 25.Bf3 b4 $1 {[%c_effect b4;square;b4;type;GreatFind;persistent;true] White's position collapses, but the adventures are far from over.} 26.Bf2 ( 26.cxb4 Bxb4+ 27.Rxb4 Qxb4+ 28.Kd1 Rc3 {wins easily.} ) 26...Bxd4 27.Qxd4 Rxc3 ( 27...bxc3+ 28.Ke2 Qa2 {This is also winning.} ) 28.Be4 Nxe4+ $6 {[%c_effect e4;square;e4;type;Inaccuracy;persistent;true] An inaccurate move.} ( 28...Qa5 {wins easily. If White captures on g6, the attack on the c2-pawn is decisive.} 29.Bxg6 fxg6 30.Rxg6 Qa2 ) 29.Qxe4 Rf3 30.Be3 $2 ( 30.Bd4 $1 Rxf4 31.Qe3 {With good chances of defending as the d-pawn advance is unpleasant for Black.} ) 30...Qc3+ 31.Ke2 Rxh3 {Now Black is winning again.} 32.d6 Rh2+ 33.Kf3 Nh4+ $2 {[%c_effect h4;square;h4;type;Mistake;persistent;true] A blunder.} ( 33...Qc8 $1 {[%c_effect c8;square;c8;type;GreatFind;persistent;true] Defends against the d-pawn advance and brings the queen to the attack at the same time.} 34.f5 Rh3+ 35.Ke2 Rh4 $1 36.Qd3 Ne5 {With an easy win.} ) 34.Kg3 Re2 35.Kxh4 $2 {[%c_effect h4;square;h4;type;Mistake;persistent;true] The final mistake. White has a surprising draw after} ( 35.Qe8+ $1 Kh7 36.Kxh4 Rxe3 37.Qxf7 Rh3+ 38.Kg4 {I suspect Abdumalik thought she would be mated here, but the attack is not as dangerous as it seems.} 38...Rh2 ( 38...Qf3+ $2 {[%c_effect f3;square;f3;type;Mistake;persistent;true] This move even loses:} 39.Kf5 Rh5+ 40.Ke6 Qd5+ 41.Ke7 {and the brave king has escaped.} ) 39.Qf5+ Kh8 40.Qf8+ {with a draw.} ) 35...Rxe3 36.Qf5 Re2 37.Kg4 g6 38.Qd5 Rd2 ( 38...h5+ 39.Kg5 Kg7 {also wins.} ) 39.Qe5 f5+ 0-1

[Event "E Women's Grand Prix | Second Leg 2022/23"]
[Site "Chess.com"]
[Date "2023.02.03"]
[Round "2"]
[White "Wagner, Dinara"]
[Black "Muzychuk, Anna"]
[Result "0-1"]
[WhiteElo "2413"]
[BlackElo "2522"]
[ECO "D85"]
[EventDate "2023.??.??"]
[Annotator "rafael"]
[PlyCount "140"]
[Beauty "5846008339473"]
[EventType "swiss"]
[EventRounds "11"]
[EventCountry "FID"]
[TimeControl "5400+30"]

1.d4 Nf6 2.c4 g6 3.Nc3 d5 4.cxd5 Nxd5 5.e4 Nxc3 6.bxc3 Bg7 7.Nf3 c5 8.Bb5+ Nc6 9.O-O O-O 10.d5 {This advance is just the third most popular move. 10.Be3 and 10.Bxc6 are played in roughly equal measure.} ( 10.Be3 ) ( 10.Bxc6 ) 10...Ne5 {Maybe Muzychuk was surprised by Wagner's opening choice. The text move is not the most accurate.} ( 10...Na5 $6 {[%c_effect a5;square;a5;type;Inaccuracy;persistent;true] is also not enough for equality. White has a big advantage after:} 11.Be3 Qc7 $6 12.Qd2 {in Gunina-Nepomniachtchi, Moscow (rapid) 2018.} ) ( 10...Qa5 11.Rb1 Ne5 12.Nxe5 Bxe5 13.Bg5 {is better for White in Pein-Forintos, Manchester 1982.} ) ( 10...a6 {is an interesting option.} 11.Be2 Bxc3 12.Be3 $1 ( 12.Bh6 $6 Nd4 13.Rc1 Nxf3+ 14.Bxf3 Bd4 $1 15.Bxf8 Kxf8 {with excellent compensation for the exchange in Florescu-Petrisor, Baile Felix Cup 2011.} ) 12...Bxa1 13.Qxa1 Nd4 14.Nxd4 cxd4 15.Qxd4 f6 {White has the typical compensation for the exchange known in many Grunfeld variations.} ) ( 10...Bxc3 {is the clearest path to an equal game.} 11.Be3 ( 11.Bh6 Nd4 12.Nxd4 Bxd4 13.Bxf8 Qxf8 {with good compensation for the exchange. Gerzhoy-So, Quebec 2012.} ) 11...Nd4 12.Nxd4 cxd4 13.Bxd4 Bxa1 14.Bxa1 Bd7 15.Bc4 Rc8 16.Bb3 Bb5 17.Qd4 f6 18.Rb1 e5 19.dxe6 Qxd4 20.e7+ Qc4 $1 21.exf8=Q+ Kxf8 22.Bxc4 Bxc4 {with a drawn position in Vitiugov-Matlakov, Ufa 2021.} ) 11.Nxe5 Bxe5 12.Be3 $1 Bd7 $6 {[%c_effect d7;square;d7;type;Inaccuracy;persistent;true] After this, White gets a stable advantage due to the strong pawns in the center.} ( 12...a6 13.Be2 Bxc3 14.Rc1 Qa5 15.Bxc5 $5 Qxc5 16.Qd3 Qd4 17.Rxc3 Qxd3 18.Bxd3 {White has a pleasant edge, but Black still has defensive resources.} ) ( 12...e6 $5 {[%c_effect e6;square;e6;type;Interesting;persistent;true] is my favorite move, fighting for central control.} ) 13.Bxd7 Qxd7 14.Qd2 ( 14.Rc1 {is also good and led to an advantage in Vitiugov-Svidler, World Cup 2021.} ) 14...Rac8 15.Rac1 {Wagner's plan is understandable. She wants to reinforce the center with c3-c4, and the rook is useful on c1 to protect this pawn. Other plans are also interesting.} ( 15.Bh6 Bg7 16.Bxg7 Kxg7 17.Rad1 {This is a classical Grunfeld-type of advantage for White. Black has no compensation for White's pawn superiority in the center.} ) ( 15.f4 Bg7 16.a4 $5 {[%c_effect a4;square;a4;type;Interesting;persistent;true] This is a nice prophylactic move, removing the a4-square from the queen and also restricting the move b7-b5.} ( 16.e5 Rfd8 17.c4 b5 $1 {[%c_effect b5;square;b5;type;GreatFind;persistent;true] gives Black some counterplay.} ) ) 15...Bg7 16.f4 Rfd8 17.c4 ( 17.f5 {is tempting, taking advantage of the fact that the black rook is no longer on the f-column.} ) 17...e6 18.Rfd1 e5 $1 {[%c_effect e5;square;e5;type;GreatFind;persistent;true] Now Black is fighting back.} 19.Rf1 exf4 20.Rxf4 Qd6 {The queen is not a good blockader, so the alternatives are probably better.} ( 20...Qe8 ) ( 20...b6 ) ( 20...Be5 ) 21.Rcf1 Rc7 22.Qf2 Rf8 23.Rf3 $1 {[%c_effect f3;square;f3;type;GreatFind;persistent;true] Leaving the f4-square to the bishop.} 23...Be5 24.g4 $6 {[%c_effect g4;square;g4;type;Inaccuracy;persistent;true] This move is a bit optimistic, but it will work well.} ( 24.h4 h5 25.Bf4 {gives White a slight advantage.} ) 24...f6 $6 ( 24...Qd7 25.h3 Qa4 $5 {[%c_effect a4;square;a4;type;Interesting;persistent;true] Black must always seek active play in the Grunfeld, and this seems a good try. Play may continue:} 26.Bxc5 Qxc4 27.Bxf8 Bd4 28.Re3 Kxf8 {with chances for both sides.} ) 25.g5 {Now Black needs to be careful.} 25...f5 $2 ( 25...b6 $1 {[%c_effect b6;square;b6;type;GreatFind;persistent;true] is the only way to achieve equality. The game might end in a draw after:} 26.Bf4 Rcf7 $1 27.Qg3 ( 27.Bxe5 Qxe5 28.gxf6 Qxe4 {is also equal.} ) 27...Bxf4 28.Rxf4 f5 $1 29.exf5 Rxf5 30.Rxf5 Qxg3+ 31.hxg3 Rxf5 32.Rxf5 gxf5 33.Kf2 Kf7 34.Ke3 Ke7 {This pawn endgame ends in a draw.} ) 26.exf5 Rxf5 27.Rxf5 gxf5 28.Qxf5 Bxh2+ 29.Kh1 {White has a decisive advantage in this position. Black's pieces are unhinged, the d-pawn is a monster, and the f-file is tightly controlled.} 29...b6 30.a4 Be5 31.Bf4 $1 {[%c_effect f4;square;f4;type;GreatFind;persistent;true] Swapping bishops accentuates the weaknesses in Black's position.} 31...Bxf4 32.Rxf4 Qe7 33.Kg2 Qe8 34.d6 $4 {[%c_effect d6;square;d6;type;Blunder;persistent;true] An unfortunate blunder by Wagner. She had a forced win at this point.} ( 34.Qe6+ $1 Qxe6 35.dxe6 {The rook endgame is easily winning since Black is unable to stop the king march.} 35...a6 ( 35...Kg7 36.Kf3 {followed by Ke4-d5.} ) ( 35...Re7 36.Rf6 ) 36.Kf3 b5 37.axb5 axb5 38.cxb5 c4 39.b6 Rb7 40.Rxc4 Rxb6 41.Rc8+ Kg7 42.e7 ) 34...Qc6+ 35.Re4 {Mistakes never come alone in chess; this a harsh reality. White will go from winning to losing very quickly.} ( 35.Qd5+ Qxd5+ 36.cxd5 {Black still has to play precisely to get a draw here.} 36...Rf7 $1 ( 36...Rd7 $2 37.Kf3 ( 37.Rf6 {is also good.} ) 37...Rxd6 38.Ke4 {with an easy win.} ) 37.Re4 Kf8 38.Kg3 a6 $1 {[%c_effect a6;square;a6;type;GreatFind;persistent;true] Black is in time to play b6-b5 and get a draw.} ) 35...Qxd6 36.Rf4 $2 ( 36.Re6 $1 {[%c_effect e6;square;e6;type;GreatFind;persistent;true] White has enough activity for a draw a pawn down.} 36...Qd2+ 37.Kg3 Qc3+ 38.Kg4 Rf7 39.Qe4 ) 36...Rd7 $1 {[%c_effect d7;square;d7;type;GreatFind;persistent;true] Now the endgame is winning for Black, since White can't create threats.} 37.Rf2 Qe7 $1 38.Kh2 Rd4 39.Kg1 Re4 ( 39...Kg7 $1 {[%c_effect g7;square;g7;type;GreatFind;persistent;true] is slightly more accurate, avoiding the queen endgame.} ) 40.Qd5+ Kg7 41.Rf7+ $1 {[%c_effect f7;square;f7;type;GreatFind;persistent;true] Queen endgames are notoriously difficult to play, so this is the best chance.} 41...Qxf7 42.Qxe4 Qd7 $1 43.Kg2 Qd2+ 44.Kh3 Qxg5 45.Qb7+ Kg6 ( 45...Kf6 $1 {[%c_effect f6;square;f6;type;GreatFind;persistent;true] is better, since Black manages to keep a two-pawn advantage,} 46.Qc6+ ( 46.Qxa7 Qh6+ $1 47.Kg4 Qg7+ {This is the point. The queens are exchanged.} ) ( 46.Qxh7 Qf5+ ) 46...Kf7 47.Qd7+ Qe7 ) 46.Qxa7 Qe3+ 47.Kg2 Qe4+ 48.Kg3 Qe5+ 49.Kg2 Qb2+ 50.Kg3 h5 $2 {[%c_effect h5;square;h5;type;Mistake;persistent;true] This move lets victory slip away.} ( 50...Qe5+ 51.Kg2 Qe6 {The best plan is to centralize the queen and then prepare to take the king to the queenside.} ) 51.Qb7 $2 ( 51.Qe7 $1 {[%c_effect e7;square;e7;type;GreatFind;persistent;true] activates the queen, and the desired draw might be achieved.} ) 51...Qb3+ 52.Kg2 Qc2+ 53.Kg3 Qd3+ 54.Kg2 Qe2+ 55.Kg3 Qe3+ 56.Kg2 Qd2+ 57.Kg3 Qd6+ 58.Kg2 h4 $2 ( 58...Qe6 $1 {[%c_effect e6;square;e6;type;GreatFind;persistent;true] Again this is the right plan.} ) 59.Qe4+ Kg5 60.Qe3+ Qf4 61.Qe7+ Kf5 62.Qd7+ Ke4 63.Qc6+ Kd4 64.Qxb6 Qg3+ 65.Kh1 Qf3+ {White is close to a draw; it remains only to take the king to the right square.} 66.Kh2 $4 {[%c_effect h2;square;h2;type;Blunder;persistent;true] Now the game is over.} ( 66.Kg1 $1 Kxc4 ( 66...h3 67.Qb2+ ) ( 66...Qg3+ 67.Kh1 ) 67.Qb5+ Kd4 68.Qb2+ ) 66...Qf2+ $1 67.Kh1 h3 $1 {[%c_effect h3;square;h3;type;GreatFind;persistent;true] This is the problem. The queen remains on the ideal f2-square, controlling the opponent's check on b2.} 68.Qd6+ Kc3 69.Qe5+ Kb4 70.Qb8+ Ka3 {A typical device: to use the opponent's pawn as a shelter against the checks. Dvoretsky liked to call this theme \"The Umbrella.\" White resigned.} ( 70...Ka3 71.Qg8 Qg2+ 72.Qxg2 hxg2+ 73.Kxg2 Kxa4 74.Kf3 Kb3 75.Ke3 Kxc4 76.Kd2 Kb3 {with a winning pawn endgame.} ) 0-1